 Dungeon Crawl Stone Soup version 0.28.0-49-g6dfe1f597d (webtiles) character file.

Game seed: 9112603750317172651

441 Atelerd the Digger (level 7, -5/41 HPs)
             Began as an Octopode Earth Elementalist on May 14, 2022.
             Slain by an iguana (7 damage)
             ... on level 4 of the Dungeon.
             The game lasted 00:07:22 (6579 turns).

Atelerd the Digger (Octopode Earth Elementalist)    Turns: 6579, Time: 00:07:22

Health: -5/41      AC:  1    Str:  7    XL:     7   Next: 2%
Magic:  4/13       EV: 13    Int: 20    God:
Gold:   224        SH:  0    Dex: 12    Spells: 9/14 levels left

rFire   . . .      SeeInvis .   g - +0 dagger
rCold   . . .      Faith    .   (no shield)
rNeg    . . .      Spirit   .   (helmet restricted)
rPois   .          Reflect  .   (no amulet)
rElec   .          Harm     .   (no ring)
rCorr   .          Rampage  .   (no ring)
Will    .....                   (no ring)
Stlth   ++++......              (no ring)
HPRegen 0.13/turn               (no ring)
MPRegen 0.13/turn               (no ring)
                                (no ring)
                                (no ring)

@: no status effects
A: almost no armour, amphibious, 8 rings, camouflage 1, gelatinous body 1,
(nimble swimmer 1), tentacles
a: no special abilities


You were on level 4 of the Dungeon.
You visited 1 branch of the dungeon, and saw 5 of its levels.
You also visited: Sewer.

You collected 224 gold pieces.

Inventory:

Hand Weapons
 g - a +0 dagger (weapon)
Missiles
 b - 8 stones
Armour
 j - the +1 hat of Quiet Fog {rF+ Str+2 Int-3 Dex+7}
   (You found it on level 2 of the Dungeon)

   Str:       It affects your strength (+2).
   Int:       It affects your intelligence (-3).
   Dex:       It affects your dexterity (+7).
   rF:        It protects you from fire.
Wands
 k - a wand of paralysis (7)
Scrolls
 c - a scroll of vulnerability
 i - 3 scrolls of enchant weapon
 m - a scroll of teleportation {unknown}
 q - 2 scrolls of torment
 r - 3 scrolls of noise
 s - a scroll of silence {unknown}
 u - a scroll of enchant armour {unknown}
 v - a scroll of brand weapon {unknown}
Potions
 a - 3 potions of attraction {unknown}
 d - a potion of might {unknown}
 f - 4 potions of heal wounds
 h - 2 potions of brilliance {unknown}
 l - 2 potions of haste {unknown}
 n - 2 potions of ambrosia {unknown}
 o - a potion of invisibility {unknown}
 p - 3 potions of mutation {unknown}


   Skills:
 - Level 2.0 Dodging
 + Level 4.3 Stealth
 + Level 4.2 Spellcasting
 - Level 3.0 Transmutations
 + Level 5.0 Earth Magic


You had 9 spell levels left.
You knew the following spells:

 Your Spells              Type           Power      Damage    Failure   Level
a - Sandblast             Erth           48%        2d12      1%          1
p - Petrify               Tmut/Erth      20%        N/A       24%         4

Your spell library contained the following spells:

 Spells                   Type           Power      Damage    Failure   Level
 Passwall                 Tmut/Erth      16%        N/A       3%          2
 Wereblood                Tmut           16%        N/A       5%          2
 Stone Arrow              Conj/Erth      28%        3d8       13%         3
 Sublimation of Blood     Necr           4%         N/A       19%         2
 Summon Hydra             Summ           2%         N/A       100%        7


Dungeon Overview and Level Annotations

Branches:
Dungeon (5/15)              Sewer (visited)
 Temple: D:4-7

Altars:
Cheibriados

Annotations:
D:3 exclusion: downstairs
D:4 Dowan, Duvessa


Innate Abilities, Weirdness & Mutations

You cannot wear most types of armour.
You are amphibious.
You can wear up to eight rings at the same time.
Your skin changes colour to match your surroundings (Stealth+).
Your rubbery body absorbs attacks. (AC +1, EV +1)
((You are camouflaged when in or above water. (Stealth+)))
You have tentacles for arms and can constrict up to eight enemies at once.


Message History

The blast of sand hits the gnoll!
You kill the gnoll!
The iguana barely misses you.
Unknown command.
Casting: Sandblast (safe; 1% risk of failure)
Confirm with . or Enter, or press ? or * to list all spells.
Aiming: Sandblast (safe; 1% risk of failure)
Press: ? - help, Shift-Dir - straight line, f - iguana
Aim: an iguana (83% to hit)
The blast of sand hits the iguana.
The iguana is moderately wounded.
The iguana bites you.
Unknown command.
Casting: Sandblast (safe; 1% risk of failure)
Confirm with . or Enter, or press ? or * to list all spells.
Aiming: Sandblast (safe; 1% risk of failure)
Press: ? - help, Shift-Dir - straight line, f/p - iguana
Aim: an iguana (moderately wounded, 83% to hit)
The blast of sand hits the iguana but does no damage.
The iguana is moderately wounded.
The iguana misses you.
Unknown command.
Casting: Sandblast (safe; 1% risk of failure)
Confirm with . or Enter, or press ? or * to list all spells.
Aiming: Sandblast (safe; 1% risk of failure)
Press: ? - help, Shift-Dir - straight line, f/p - iguana
Aim: an iguana (moderately wounded, 83% to hit)
The blast of sand hits the iguana.
The iguana is heavily wounded.
The iguana bites you!
* * * LOW HITPOINT WARNING * * *
Casting: Sandblast (safe; 1% risk of failure)
Confirm with . or Enter, or press ? or * to list all spells.
Aiming: Sandblast (safe; 1% risk of failure)
Press: ? - help, Shift-Dir - straight line, f/p - iguana
Aim: an iguana (heavily wounded, 83% to hit)
The blast of sand hits the iguana!
The iguana is almost dead.
The iguana bites you!
You die...

...'.....#...'..'......#.........
####.....########......#........#
.......................######...#
......................... #####
..........................
..........................
.........##+#########+#..
...†.....#.......l#>..####
#....#####......@)'........
#....# #..########..##... +....+
..# . #....# ..+ .....# ..#
.....# ###


You could see an iguana.

Vanquished Creatures
  A scorpion (D:5)
  A hound (D:4)
  A jelly (D:4)
  A bullfrog skeleton (D:4)
  Jessica (D:3)
  An iguana (D:4)
  2 hound skeletons (D:4)
  A gnoll (D:4)
  4 adders
  5 river rats
  2 ufetubi
  A worm (D:2)
  2 dart slugs (D:1)
  3 orcs
  5 bats
  9 endoplasms
  3 giant cockroaches
  10 goblins
  4 hobgoblins (D:2)
  4 jackals (D:1)
  3 quokkas
  8 ball pythons
  2 frilled lizards
  25 kobolds
  19 rats
118 creatures vanquished.

Notes
Turn   | Place    | Note
-------+----------+-------------------------------------------
     0 | D:1      | Atelerd the Octopode Earth Elementalist began the quest for
                  | the Orb.
     0 | D:1      | Reached XP level 1. HP: 11/11 MP: 3/3
   286 | D:1      | Reached XP level 2. HP: 13/17 MP: 3/5
  1013 | D:1      | Reached XP level 3. HP: 16/21 MP: 6/6
  1923 | D:2      | Identified the +1 hat of Quiet Fog {rF+ Str+2 Int-3 Dex+7}
  2162 | D:2      | Reached XP level 4. HP: 27/27 MP: 6/8
  2677 | D:3      | Found a glowing drain.
  2682 | D:3      | Noticed Jessica
  2694 | D:3      | Killed Jessica
  2700 | Sewer    | Entered a sewer
  2848 | Sewer    | Reached skill level 4 in Earth Magic
  2848 | Sewer    | Reached XP level 5. HP: 17/31 MP: 0/9
  3021 | Sewer    | Learned a level 4 spell: Petrify
  4683 | D:3      | Found a snail-covered altar of Cheibriados.
  4949 | D:4      | Reached XP level 6. HP: 36/36 MP: 8/11
  5904 | D:4      | Noticed Duvessa
  6110 | D:4      | Noticed Dowan
  6338 | D:5      | Entered Level 5 of the Dungeon
  6385 | D:5      | Reached skill level 5 in Earth Magic
  6393 | D:5      | Reached XP level 7. HP: 29/41 MP: 8/13
  6578 | D:4      | HP: 2/41 [iguana (12)]
  6579 | D:4      | Slain by an iguana

Illustrated notes

Levels and vault maps discovered:
D:1:      minmay_arrival_plants_in_alcoves, layout_basic,
          nicolae_figureground_sparkle
D:2:      layout_basic, chequers_avenue, st_stairs_13, serial_bayou_pond_b,
          kennysheep_generic_room_12
D:3:      layout_basic, lemuel_tele_altar, portal_sewer_entry_a, uniq_jessica
D:4:      layout_gridville, serial_shops, nicolae_shop_statue_plus,
          minmay_cut_off, uniq_duvessa
D:5:      layout_rooms, serial_shops, nicolae_stop_n_shop_1, lightli_minifort

Skill      XL: |  1  2  3  4  5  6 |
---------------+-------------------+-----
Transmutations | 2 3 |  3.0
Spellcasting   | 3 4 |  4.2
Earth Magic    | 4 5 |  5.0
Stealth        | 4 |  4.3
Dodging        | |  2.0

Action                   |  1- 3 |  4- 6 |  7- 9 || total
-------------------------+-------+-------+-------++-------
Melee: Unarmed           |    20 |       |       ||    20
       Constrict         |    13 |    39 |     2 ||    54
       Tentacles         |     9 |    31 |     3 ||    43
       Dagger            |    25 |   130 |     8 ||   163
       Punch             |       |     2 |       ||     2
 Cast: Sandblast         |    27 |    57 |     8 ||    92
       Petrify           |       |     6 |     1 ||     7
  Use: Scroll            |       |     5 |       ||     5
       Potion            |       |     2 |       ||     2
 Stab: Sleeping          |     5 |    12 |       ||    17
       Petrified         |       |     5 |     1 ||     6
       Petrifying        |       |       |     1 ||     1
Armor: Skin              |     3 |     9 |       ||    12
Dodge: Dodged            |    32 |   111 |    17 ||   160
